AoeStats
← Blazing Cartesia, The Virtuous

Arabia

508240063Analyzed
1v1 RM · 10d ago on Sep 21, 2026· 49m 48s· 2 players
Game mode
Random Map
Map size
Tiny (2 player)
Population
200
Speed
Normal
Resources
Standard
Victory
Conquest
Starting age
Dark Age
Ending age
Imperial Age
RankedLock teamsTeams togetherTeam positionsShared explorationLock speedFull tech treeHidden civsTurbo modeCheats
Victory
Defeat
1163
+15
🇬🇧 Inca · United Kingdom
1142
-15
prasham8
6:18 Loom
11:17 Feudal Age
20:45 Castle Age
21:05 Stone Mining
22:37 Champi Runner
24:58 Horse Collar
25:06 Double-Bit Axe
25:23 Champi Warrior
27:34 Scale Mail Armor
33:56 Heavy Plow
34:12 Bow Saw
34:38 Stone Shaft Mining
36:36 Imperial Age
34:44 Wheelbarrow
36:42 Onager
39:06 Gold Mining
45:46 Gold Shaft Mining
46:33 Fletching
47:00 Chain Mail Armor
47:29 Crop Rotation
47:20 Hand Cart
47:11 Bodkin Arrow
48:14 Conscription
48:01 Padded Archer Armor
48:09 Andean Sling
Blazing Cartesia, The Virtuous
6:23 Loom
9:28 Feudal Age
9:47 Double-Bit Axe
20:29 Castle Age
18:39 Gold Mining
19:37 Forging
19:53 Fletching
20:44 Bloodlines
21:06 Bow Saw
20:36 Horse Collar
22:49 Crossbowman
23:29 Bodkin Arrow
25:11 Gold Shaft Mining
24:52 Heavy Plow
27:14 Wheelbarrow
27:50 Padded Archer Armor
27:56 Scale Barding Armor
30:10 Leather Archer Armor
30:17 Chain Barding Armor
30:14 Stone Mining
31:52 Ballistics
32:23 Masonry
33:22 Hand Cart
38:17 Imperial Age
35:49 Town Watch
37:29 Iron Casting
39:52 Chemistry
38:31 Cavalier
39:12 Husbandry
40:15 Architecture
42:29 Plate Barding Armor
42:57 Hoardings
42:15 Savar
46:21 Murder Holes
46:50 Thumb Ring
47:49 Citadels
48:00 Conscription
47:42 Kamandaran
49:02 Blast Furnace
Connection lost

Rejoining the realm…

Still unreachable

The connection could not be restored.

Session expired

The server has moved on; the page needs a fresh start.